 Dungeon Crawl Stone Soup version 0.19.4-10-g532645f (console) character file.

382 Grinner the Ruffian (level 6, -3/59 HPs)
             Began as a Troll Monk on Feb 23, 2017.
             Slain by an adder (5 damage)
             ... in a sewer.
             The game lasted 00:03:59 (1901 turns).

Grinner the Ruffian (Troll Monk)                    Turns: 1901, Time: 00:04:02

Health: -3/59      AC:  5    Str: 25    XL:     6   Next: 47%
Magic:  5/5        EV: 10    Int:  6    God:
Gold:   107        SH:  0    Dex: 14    Spells: 0 memorised, 5 levels left

rFire  . . .     SeeInvis .       - Unarmed
rCold  . . .     Gourm    +     a - +0 robe
rNeg   . . .     Faith    .     (no shield)
rPois  .         Spirit   .     (helmet restricted)
rElec  .         Reflect  .     (no cloak)
rCorr  .         Harm     .     (gloves unavailable)
MR     .....                    (boots unavailable)
Stlth  ++........               (no amulet)
                                (no ring)
                                (no ring)

@: mighty, lethally poisoned (-3 -> -4)
A: unfitting armour, claws 3, fast metabolism 3, gourmand, regeneration 1,
shaggy fur 1, tough skin 2
a: no special abilities


You were in a sewer.
You were very full.

You visited 1 branch of the dungeon, and saw 3 of its levels.
You also visited: Sewer.

You collected 107 gold pieces.

Inventory:

Missiles
 c - 3 throwing nets (quivered)
Armour
 a - a +0 robe (worn)
Scrolls
 d - a scroll of noise {unknown}
 e - a scroll of enchant armour {unknown}
 g - a scroll of identify
 h - a scroll of teleportation {unknown}
 i - 2 scrolls of enchant weapon {unknown}
 k - a scroll of remove curse {unknown}
 m - 2 scrolls of magic mapping
 n - a scroll of fear {unknown}
 o - a scroll of random uselessness {unknown}
 p - a scroll of blinking {unknown}
 r - a scroll of fog
Potions
 f - a potion of berserk rage {unknown}
 j - a potion of degeneration
 q - 2 potions of might
Comestibles
 b - 5 bread rations


   Skills:
 - Level 2.4 Fighting
 - Level 2.4 Dodging
 - Level 1.0 Stealth
 + Level 7.4 Unarmed Combat


You had 5 spell levels left.
You didn't know any spells.

Dungeon Overview and Level Annotations

Branches:
Dungeon (3/15)

Altars:
Makhleb
Nemelex Xobeh


Innate Abilities, Weirdness & Mutations

You are too large for most types of armour.
You have claws for hands.
Your metabolism is lightning-fast.
You like to eat raw meat.
Your natural rate of healing is unusually fast.
You are covered in fur. (AC +1)
You have very tough skin. (AC +2)


Message History

The scroll dissolves into smoke.
It was a scroll of fog.
The adder barely misses you. The ball python bites you.
* * * LOW HITPOINT WARNING * * *
The bullfrog completely misses you.
The ball python bites you but does no damage.
The adder bites you but does no damage. The ball python barely misses you.
The ooze splashes around in the water.
The adder bites you.
* * * LOW HITPOINT WARNING * * *
You are more poisoned.
The adder poisons you!
As you read the scroll labeled NUEROG FIPLE, it crumbles to dust.
It is a scroll of identify.
j - a potion of degeneration You feel sick.
The bullfrog hits you.
* * * LOW HITPOINT WARNING * * *
The ball python bites you but does no damage.
The ball python bites you.
* * * LOW HITPOINT WARNING * * *
The adder bites you.
You die...

###*###################
*#...#≈≈≈≈≈≈≈≈≈≈≈≈≈≈≈#.##
*.....≈SFS#≈..≈≈≈≈≈≈≈....
*....≈SS@§≈#≈≈≈≈≈≈≈≈≈≈...
*....≈≈JSS≈≈≈≈≈≈≈≈≈≈≈≈...
*....≈≈≈≈≈≈≈≈≈≈≈≈≈≈≈≈≈...
*#...#≈≈≈≈≈≈≈≈≈≈≈≈≈≈≈....
*#+#*##################..
*,,,* ####. *,∩,* #..#.
*,,,* #..'. ***** #####


You could see a bullfrog, an ooze, 2 adders and 4 ball pythons.

Vanquished Creatures
  Sigmund (D:3)
  A bullfrog (Sewer)
  A gnoll (D:1)
  3 river rats (Sewer)
  3 adders (Sewer)
  An ooze (D:1)
  A worm (D:3)
  2 dart slugs (D:1)
  4 leopard geckos
  10 bats
  2 giant cockroaches
  2 goblins
  5 hobgoblins
  3 jackals (D:1)
  7 kobolds
  8 ball pythons (Sewer)
  4 frilled lizards
  39 rats
97 creatures vanquished.

Notes
Turn   | Place    | Note
-------+----------+-------------------------------------------
     0 | D:1      | Grinner the Troll Monk began the quest for the Orb.
     0 | D:1      | Reached XP level 1. HP: 22/22 MP: 0/0
    46 | D:1      | Reached XP level 2. HP: 26/29 MP: 1/1
    93 | D:1      | Reached skill level 4 in Unarmed Combat
   141 | D:1      | Reached XP level 3. HP: 36/36 MP: 2/2
  1264 | D:2      | Found a faded altar of an unknown god.
  1264 | D:2      | Found a sparkling altar of Nemelex Xobeh.
  1271 | D:2      | Found a faded altar of an unknown god.
  1274 | D:2      | Found a faded altar of an unknown god.
  1275 | D:2      | Found a burning altar of Makhleb.
  1513 | D:3      | Reached XP level 4. HP: 44/44 MP: 3/3
  1514 | D:3      | Noticed Sigmund
  1525 | D:3      | Killed Sigmund
  1525 | D:3      | Reached skill level 6 in Unarmed Combat
  1525 | D:3      | Reached XP level 5. HP: 9/50 MP: 4/4
  1680 | D:3      | Found a glowing drain.
  1684 | Sewer    | Entered a sewer
  1753 | Sewer    | Reached XP level 6. HP: 56/59 MP: 5/5
  1829 | Sewer    | Reached skill level 7 in Unarmed Combat
  1901 | Sewer    | HP: 2/59 [ball python (1)]
  1901 | Sewer    | Slain by an adder

Skill      XL: |  1  2  3  4  5  6 |
---------------+-------------------+-----
Unarmed Combat | 4 6 7 |  7.4
Fighting       | |  2.4
Dodging        | |  2.4
Stealth        | |  1.0

Action                   |  1- 3 |  4- 6 || total
-------------------------+-------+-------++-------
Melee: Unarmed           |   119 |   103 ||   222
       Punch             |     1 |     4 ||     5
  Use: Potion            |       |     5 ||     5
       Scroll            |       |     3 ||     3
 Stab: Sleeping          |     6 |       ||     6
  Eat: Chunk             |    16 |     7 ||    23
Armor: Robe              |    37 |    65 ||   102
Dodge: Dodged            |    49 |   107 ||   156
